[Event "FIDE World Championship 2023"]
[Site "Astana"]
[Date "2023.04.21"]
[Round "9.1"]
[White "Nepomniachtchi, Ian"]
[Black "Ding, Liren"]
[Result "1/2-1/2"]
[ECO "C65"]
[WhiteElo "2795"]
[BlackElo "2788"]
[Annotator "TA"]
[PlyCount "163"]
[EventDate "2023.04.09"]
[EventType "match"]
[EventCountry "KAZ"]
[SourceTitle "playchess.com"]
[Source "ChessBase"]
[SourceQuality "1"]
[TimeControl "40/7200:20/3600:900+30"]

1. e4 e5 2. Nf3 Nc6 3. Bb5 Nf6 4. d3 Bc5 5. c3 O-O 6. O-O {[%emt 0:00:17] C65: Ruy Lopez: Berlin Defence (3...Nf6), unusual lines and 4 0-0 Bc5.} d5 7. Nbd2 dxe4 8. dxe4 a5 9. a4 Qe7 10. Qc2 Nb8 11. Re1 $1 Rd8 12. h3 h6 13. Nf1 c6 14. Bc4 Na6 15. Ng3 Qc7 {[%emt 0:00:55] [#]} 16. Ba2 $146 ({Predecessor:} 16. Qe2 Bf8 17. Be3 Nc5 18. b4 Ncxe4 19. Nxe4 Nxe4 20. Bb6 Qxb6 21. Qxe4 Re8 22. Nxe5 {½-½ De la Rosa Solorzano,J (2426)-Genga,S (2424) W-ch WS/SIM/A/09 email 2021}) 16... b5 17. Qe2 Rb8 (17... Bf8 $11) 18. Nh4 $1 $14 Bf8 19. Qf3 bxa4 {[%emt 0:14:44] [#]} 20. Bxh6 $1 {[%emt 0:01:31][%mdl 64] Deflection} Nc5 (20... gxh6 21. Qxf6 Rd6 22. Qxe5 Rxb2 23. Bc4 $16 (23. Ngf5 Rdd2 $11)) (20... Rxb2 21. Bg5 Be7 22. Ngf5 Rxa2 23. Rxa2 $16) 21. Ng6 (21. Bg5 $5 Rd3 22. Qe2 Rxg3 23. fxg3 Nfxe4 24. Bc1 $14) 21... Rxb2 {[%emt 0:07:40] ...Rd3 would be deadly.} (21... gxh6 $2 22. Qxf6 Bg7 23. Qe7 $18 (23. Bxf7+ Kh7 $11)) 22. Nxf8 {[%emt 0:11:09][%cal Of3e3] Threatens to win with Qe3!} Rxf8 (22... Rd3 $11 {feels stronger.} 23. Be3 Nb3) 23. Bg5 Nh7 {[%emt 0:03:35] A dynamic duo of knights.} 24. Bc1 Rb5 ({Less strong is} 24... a3 25. Bxb2 (25. Bc4 Be6 $11) 25... axb2 26. Rab1 $16) (24... Rc2 $5 ) 25. Ba3 Re8 26. Bc4 Be6 $1 27. Bxe6 Nxe6 28. Nf5 c5 $1 29. Qe2 Rb3 30. Qc4 Qc6 31. Bc1 Nf6 32. Qxa4 Qxa4 33. Rxa4 Rxc3 34. Bb2 Rb3 35. Bxe5 Rb4 36. Rxa5 Rxe4 37. Rxe4 Nxe4 38. Ra4 Nd4 39. Bxd4 ({Much weaker is} 39. Nxd4 Rxe5 40. Nc2 Nd2 $11) 39... cxd4 40. Rxd4 {[%emt 0:00:00][%mdl 4096] Endgame KRN-KRN} g6 41. Ne3 Kg7 42. Rb4 Ng3 {[%emt 0:06:25][%mdl 64] Deflection} 43. Rb7 Nf5 (43... g5 $14) 44. Ng4 (44. Nxf5+ $16 gxf5 45. g3) 44... Re7 45. Rb5 Re1+ 46. Kh2 Re2 47. Rb7 Nd6 48. Ra7 Kf8 49. Kg3 f5 50. Kf3 Re7 51. Ra8+ Re8 52. Rxe8+ Kxe8 $16 {[%emt 0:00:15] KN-KN} 53. Ne5 g5 {[%emt 0:00:04] [#]} 54. h4 gxh4 $11 {[%emt 0:00:41] The position is equal.} 55. Kf4 {[%emt 0:01:08] aiming for Nd3.} h3 56. gxh3 Ke7 57. Nc6+ Kf6 58. Nd4 {[%emt 0:00:05] Black must now prevent h4.} Ne4 59. f3 Nf2 60. h4 Nd3+ 61. Kg3 Kg6 62. Ne6 {[%emt 0:00:23] Hoping for Nf4+.} Kf6 63. Nf4 Nb4 64. Kf2 Ke5 65. Ke3 {[%emt 0:01:01] And now Nd3+ would win.} Nc2+ 66. Kd2 Nd4 67. Nd3+ Kf6 68. Ke3 Nc2+ 69. Kf4 Nd4 70. Kg3 Ne2+ 71. Kf2 Nd4 72. Nf4 Ke5 73. Ne2 Ne6 74. Kg3 Kf6 75. Kg2 Kg7 76. Kf2 f4 77. Kg1 Kg6 78. Kg2 Kh6 79. Nc1 (79. Kh2 $5) 79... Kh5 80. Kh3 Nd4 {[%emt 0:00:08] Against Ne2} 81. Nd3 Nxf3 82. Nxf4+ {[%emt 0:00:03] Weighted Error Value: White=0.09 (flawless) /Black=0.09 (flawless)} 1/2-1/2

[Event "FIDE World Championship 2023"]
[Site "Astana"]
[Date "2023.04.23"]
[Round "10.1"]
[White "Ding, Liren"]
[Black "Nepomniachtchi, Ian"]
[Result "1/2-1/2"]
[ECO "A28"]
[WhiteElo "2788"]
[BlackElo "2795"]
[Annotator "TA"]
[PlyCount "90"]
[EventDate "2023.04.09"]
[EventType "match"]
[EventCountry "KAZ"]
[SourceTitle "playchess.com"]
[Source "ChessBase"]
[SourceQuality "1"]
[TimeControl "40/7200:20/3600:900+30"]

1. c4 Nf6 2. Nc3 e5 3. Nf3 Nc6 4. e4 Bc5 5. Nxe5 Nxe5 6. d4 Bb4 7. dxe5 Nxe4 8. Qf3 $1 {[%emt 0:00:03][%mdl 4] outshines the older 8.Qd4. A28: English Opening: Four Knights Variation.} Nxc3 (8... Qh4 {with more complications.} 9. a3 Bxc3+ 10. bxc3 f5) 9. bxc3 Bc5 10. Qg3 {[%emt 0:11:22] White has an edge.} Kf8 11. Be2 d6 12. Bf4 Qe7 13. Rd1 h5 {[%emt 0:02:10][%cal Oc8g4] [#]} 14. O-O $146 (14. exd6 {simplifies} cxd6 15. Bxd6 Bxd6 16. Qxd6 Bf5 17. Qxe7+ Kxe7 18. Rd4) ({Predecessor:} 14. h4 dxe5 15. Bxe5 Bg4 16. Bxg4 hxg4 17. Kd2 Re8 18. Rhe1 Qd7+ 19. Kc1 Ba3+ 20. Kb1 {1-0 Nepomniachtchi,I (2784)-Cardoso Cardoso,J (2414) Titled Tuesday intern op 5th May blitz 2020 (4)}) 14... h4 15. Qd3 g5 16. exd6 cxd6 17. Bxd6 Qxd6 18. Qxd6+ Bxd6 19. Rxd6 Be6 20. f4 Ke7 21. Rd4 {[%emt 0:00:24] Threatens to win with f5.} gxf4 22. Rfxf4 h3 23. g4 Rac8 24. Kf2 Rc5 25. a4 Ra5 26. Bd1 b6 27. Kg3 Rh6 28. Rfe4 {[%emt 0:03:05] With the idea Rd5.} Kf8 29. Rd8+ Kg7 30. Ra8 Rc5 31. Rxa7 {[%emt 0:01:26] aiming for Be2.} Bxc4 32. Rae7 (32. Rd7 $14) 32... Rhc6 $11 {[%emt 0:05:28] The position is equal.} 33. R7e5 Rxe5 34. Rxe5 Bb3 $1 {[%emt 0:00:08][%mdl 64] [#] Discovered Attack, Decoy} 35. Bxb3 Rxc3+ 36. Kh4 Rxb3 {[%emt 0:00:08][%mdl 4096] Endgame KR-KR} 37. Rb5 Ra3 38. Rxb6 {[%emt 0:00:05] [#] Hoping for Ra6.} Rxa4 39. Kxh3 f5 $1 40. gxf5 Rf4 41. Rb5 Kf6 42. Kg3 Rxf5 43. Rxf5+ Kxf5 44. h4 Kg6 45. h5+ Kxh5 {[%emt 1:40:14] Weighted Error Value: White=0.05 (flawless) /Black=0.04 (flawless)} 1/2-1/2

[Event "FIDE World Championship 2023"]
[Site "Astana"]
[Date "2023.04.24"]
[Round "11.1"]
[White "Nepomniachtchi, Ian"]
[Black "Ding, Liren"]
[Result "1/2-1/2"]
[ECO "C84"]
[WhiteElo "2795"]
[BlackElo "2788"]
[Annotator "TA"]
[PlyCount "77"]
[EventDate "2023.04.09"]
[EventType "match"]
[EventCountry "KAZ"]
[SourceTitle "playchess.com"]
[Source "ChessBase"]
[SourceQuality "1"]
[TimeControl "40/7200:20/3600:900+30"]

1. e4 e5 2. Nf3 Nc6 3. Bb5 a6 4. Ba4 Nf6 5. O-O Be7 6. d3 b5 7. Bb3 d6 8. a3 {[%emt 0:00:08] C84: Closed Ruy Lopez: Unusual White 6th moves.} Na5 (8... O-O 9. Nc3 Na5 10. Ba2 Be6 11. b4 Nc6 12. Bg5 Bxa2 13. Rxa2 Qd7 14. Bxf6 Bxf6 15. Nd5 a5 16. Rb2 axb4 17. axb4 Bd8 18. c4 Nd4 19. Nxd4 exd4 20. Qc2 c6 {½-½ Nepomniachtchi,I (2773)-Ding,L (2799) Airthings Masters Prelim rapid 2022 (14)}) 9. Ba2 c5 10. Nc3 Be6 11. Bg5 O-O 12. Bxf6 Bxf6 13. Nd5 g6 14. Qd2 {[%emt 0:00:55] [#] And now Nxf6+ would win.} Bg7 $146 ({Predecessor:} 14... Nc6 15. c3 Bg7 16. b4 Ne7 17. Ne3 Qd7 18. Ng5 Bxa2 19. Qxa2 h6 20. Nf3 a5 {0-1 Matrahalmi,T (2278)-Borosova,Z (2284) HUN-chT2 Breyer 1718 2017 (9.2)}) 15. Ng5 c4 (15... Nc6 $5) 16. Nxe6 fxe6 17. Ne3 Bh6 18. Rad1 Rb8 19. dxc4 Nxc4 {[%emt 0:04:51] The position is equal.} 20. Bxc4 bxc4 21. Qxd6 Qxd6 22. Rxd6 Bxe3 23. fxe3 Rxf1+ 24. Kxf1 Rxb2 25. Rxe6 Rxc2 26. Rxa6 $11 {[%emt 0:04:19][%mdl 4096] Endgame KR-KR} Ra2 27. Rc6 Rxa3 28. Rxc4 Rxe3 29. Kf2 Ra3 30. Rc5 Ra2+ 31. Kf3 Ra3+ 32. Kg4 Ra2 33. Kh3 Re2 34. Rxe5 Kf7 35. Kg3 Kf6 36. Re8 Kf7 37. Re5 Kf6 38. Re8 Kf7 39. Re5 {[%emt 0:00:06] Weighted Error Value: White=0.02 (flawless) /Black=0.03 (flawless)} 1/2-1/2

[Event "FIDE World Championship 2023"]
[Site "Astana"]
[Date "2023.04.26"]
[Round "12.1"]
[White "Ding, Liren"]
[Black "Nepomniachtchi, Ian"]
[Result "1-0"]
[ECO "D04"]
[WhiteElo "2788"]
[BlackElo "2795"]
[Annotator "TA"]
[PlyCount "75"]
[EventDate "2023.04.09"]
[EventType "match"]
[EventCountry "KAZ"]
[SourceTitle "playchess.com"]
[Source "ChessBase"]
[SourceQuality "1"]
[TimeControl "40/7200:20/3600:900+30"]

1. d4 Nf6 2. Nf3 d5 3. e3 c5 4. Nbd2 cxd4 5. exd4 Qc7 6. c3 {[%emt 0:01:07] [#] D04: Colle System.} Bd7 $146 (6... Nc6 $11) ({Predecessor:} 6... Nc6 7. Qc2 a6 8. Bd3 Bg4 9. h3 Bh5 10. Nh4 O-O-O 11. Nb3 e6 12. Be3 Bd6 13. g4 {½-½ Roesch M,H (2460)-Shpakovsky,A (2544) W-ch40 q01 email 2020}) 7. Bd3 (7. Ne5 $14) 7... Nc6 $11 8. O-O {[%emt 0:01:15] White is slightly better.} Bg4 9. Re1 e6 10. Nf1 Bd6 11. Bg5 O-O 12. Bxf6 gxf6 13. Ng3 f5 (13... Kh8 {seems wilder.} 14. Kh1 Rg8 15. h3 Bxh3 16. gxh3 Bxg3 17. fxg3 Qxg3 18. Qe2 Qxh3+ 19. Nh2 Rg3) 14. h3 Bxf3 15. Qxf3 Ne7 16. Nh5 Kh8 17. g4 Rg8 18. Kh1 Ng6 $1 19. Bc2 (19. gxf5 Nh4 20. Qe3 exf5 $15) (19. Rg1 $11) 19... Nh4 $15 20. Qe3 Rg6 21. Rg1 f4 $1 22. Qd3 Qe7 23. Rae1 Qg5 24. c4 (24. Qb5 $2 Nf3 25. Bxg6 (25. Qxb7 $2 Rb8 $19 {[%mdl 64] Skewer}) 25... Qh4 $19) ({Better is} 24. a4 $15) 24... dxc4 $19 25. Qc3 b5 $1 (25... Qd5+ 26. Be4 Qg5 27. Bxg6 (27. Bxb7 Rb8 $11) (27. Qxc4 Rag8 $11) 27... hxg6 28. d5+ e5 29. Ng3 $14) 26. a4 {[%emt 0:07:53] [#]} (26. a3 $17) 26... b4 (26... Qd5+ $2 27. Be4 b4 28. Qc2 Qxd4 29. Bxa8 $18) (26... a6 $1 $19 {[%cal Oa8c8] has better winning chances. Threatens to win with ...Rc8!} 27. Be4 Rag8) 27. Qxc4 $17 Rag8 {[%emt 0:00:27][%cal Oh4f3] White must now prevent ...Nf3!} 28. Qc6 {[%emt 0:01:54] [#] Against Nf3} ({White should play} 28. Bxg6 hxg6 29. d5 (29. Qc6 gxh5 30. Qxd6 Nf3 $15)) 28... Bb8 $2 {[%emt 0:01:23][%mdl 8192] Black is weak on the light squares} (28... Nf5 $1 $17 {[%cal Og5h4] stays on course. Strongly threatening ...Qh4!} 29. Bd1 (29. gxf5 Qxh5 30. Rxg6 Qxh3+ 31. Kg1 hxg6 32. Qg2 gxf5) (29. Bxf5 Qh4 $17) 29... Qh4) 29. Qb7 $2 (29. Bxg6 $18 hxg6 30. d5 {[%mdl 64] Deflection} Qxd5+ 31. Qxd5 exd5 32. Nf6) 29... Rh6 (29... f5 $15) 30. Be4 $11 (30. Qxf7 $2 {loses.} Nf3 31. Bxh7 (31. Rxe6 $2 {is the wrong capture.} Qh4 $19) 31... Rxh7 32. Qf6+ Qxf6 33. Nxf6 Rxh3+ 34. Kg2 Nxg1 35. Nxg8 Kxg8 $19) 30... Rf8 31. Qxb4 Qd8 32. Qc3 $36 {[%emt 0:03:02][%mdl 2048] Hoping for d5+. Black is under pressure.} (32. f3 {is interesting.} f5 33. Qb7 Qc7 34. Rc1) 32... Ng6 33. Bg2 {[%emt 0:05:48] White is much more active. The black rooks are badly placed.} Qh4 34. Re2 f5 $2 (34... Rg8 $14) 35. Rxe6 $18 {[%emt 0:01:14] d5+ would be deadly.} Rxh5 36. gxh5 Qxh5 37. d5+ Kg8 38. d6 {[%emt 0:00:06] White used his chance.   Weighted Error Value: White=0.26 (precise) /Black=0.35} 1-0

[Event "FIDE World Championship 2023"]
[Site "Astana"]
[Date "2023.04.27"]
[Round "13.1"]
[White "Nepomniachtchi, Ian"]
[Black "Ding, Liren"]
[Result "1/2-1/2"]
[ECO "C84"]
[WhiteElo "2795"]
[BlackElo "2788"]
[Annotator "TA"]
[PlyCount "78"]
[EventDate "2023.04.09"]
[EventType "match"]
[EventCountry "KAZ"]
[SourceTitle "playchess.com"]
[Source "ChessBase"]
[SourceQuality "1"]
[TimeControl "40/7200:20/3600:900+30"]

1. e4 e5 2. Nf3 Nc6 3. Bb5 a6 4. Ba4 Nf6 5. O-O Be7 6. d3 b5 7. Bb3 d6 8. c3 (8. a3 O-O 9. Nc3 Na5 10. Ba2 Be6 11. b4 Nc6 12. Bg5 Bxa2 13. Rxa2 Qd7 14. Bxf6 Bxf6 15. Nd5 a5 16. Rb2 axb4 17. axb4 Bd8 18. c4 Nd4 19. Nxd4 exd4 {½-½ Nepomniachtchi,I (2773)-Ding,L (2799) Airthings Masters Prelim rapid 2022 (14)}) 8... O-O 9. h3 {[%emt 0:00:05] C84: Closed Ruy Lopez: Unusual White 6th moves.} Bb7 10. Be3 Na5 11. Bc2 c5 12. Nbd2 Re8 {[%emt 0:06:39] [#]} 13. a4 $146 ({Predecessor:} 13. Qe2 Rc8 14. b3 Qc7 15. c4 b4 16. Rfd1 Bf8 17. Nf1 g6 18. Qd2 Bg7 19. Bh6 {0-1 Koay,Y (1154)-Tan,J (1901) Penang op-B 9th 2017 (1)}) 13... h6 14. d4 exd4 15. cxd4 cxd4 16. Nxd4 Nc4 17. Nxc4 bxc4 18. f3 (18. Nf5 $11) 18... Bf8 $15 19. Bf2 $1 d5 20. exd5 Nxd5 {[%emt 0:00:30] Threatens to win with ...Nf4.} 21. Be4 Re5 ({Better is} 21... Rb8 $17 {...Nf4 is the strong threat.} 22. Qd2 Nb4) 22. Rc1 $11 Rc8 23. Ne2 Qe7 (23... Qe8 $5 ) 24. Qd4 $1 f5 25. Bg3 $1 Rxe4 26. fxe4 Qxe4 27. Qxe4 fxe4 28. Rfd1 Nb4 29. Rd7 Bc5+ 30. Kh2 Bc6 31. Rc7 Rxc7 32. Bxc7 Bd5 33. Nc3 {[%emt 0:04:34] [#] Strongly threatening Nxd5.} Nd3 34. Rc2 Bc6 35. a5 Kf7 (35... g5 $11 {deserves consideration.}) 36. Re2 ({White should try} 36. Ne2 $1 $14) 36... Nc1 {[%emt 0:01:09] The position is equal.} 37. Re1 Nd3 38. Re2 Nc1 39. Re1 Nd3 {[%emt 0:00:04][%csl LRb2,LRe1] Weighted Error Value: White=0.11 (very precise) /Black=0.10 (very precise)} 1/2-1/2

[Event "FIDE World Championship 2023"]
[Site "Astana"]
[Date "2023.04.29"]
[Round "14.1"]
[White "Ding, Liren"]
[Black "Nepomniachtchi, Ian"]
[Result "1/2-1/2"]
[ECO "E46"]
[WhiteElo "2788"]
[BlackElo "2795"]
[Annotator "TA"]
[PlyCount "180"]
[EventDate "2023.04.09"]
[EventType "match"]
[EventCountry "KAZ"]
[SourceTitle "playchess.com"]
[Source "ChessBase"]
[SourceQuality "1"]
[TimeControl "40/7200:20/3600:900+30"]

1. d4 Nf6 2. c4 e6 3. Nc3 Bb4 4. e3 O-O 5. Bd2 d5 6. a3 Be7 7. Nf3 c5 8. dxc5 Bxc5 9. Qc2 dxc4 10. Bxc4 Nbd7 11. Rd1 Be7 12. Ng5 h6 13. h4 (13. Nge4 $11) 13... Qc7 $1 $15 (13... hxg5 $2 14. hxg5 Qb6 15. gxf6 Nxf6 16. e4 $18 (16. Ne4 Nxe4 17. Qxe4 f5 $16)) 14. Be2 Rd8 (14... hxg5 15. hxg5 g6 16. gxf6 Bxf6 17. Qe4 $16) (14... b6 $5) 15. Rc1 Nf8 (15... hxg5 16. hxg5 Qc5 17. gxf6 Nxf6 18. Bf3 $14) (15... Qb8 $1 $15) 16. Nge4 Nxe4 17. Nxe4 (17. Qxe4 {is more complex.} Qd6 18. Nb1 Bf6 19. Bb4) 17... Qxc2 18. Rxc2 Bd7 19. Bb4 (19. Rc7 $11) 19... Bxb4+ $15 20. axb4 Bc6 21. Nc5 Bxg2 22. Rg1 Bd5 23. e4 Bc6 24. b5 Be8 $1 25. Nxb7 Rd4 26. Rc4 Rd7 $1 27. Nc5 Rc7 28. Rc3 Rac8 29. b4 Nd7 30. Rcg3 (30. Kd2 $15) 30... Nxc5 $17 31. bxc5 Rxc5 32. Rxg7+ Kf8 33. Bd3 Rd8 34. Ke2 (34. Kd2 $142) 34... Rc3 $1 $17 35. Rg8+ Ke7 36. R1g3 e5 (36... Rb3 $17 {Strongly threatening ...Rd4.} 37. Kd2 Rd4) 37. Rh8 $15 Rd6 $1 38. b6 Rxb6 39. Rxe8+ $1 Kxe8 40. Bb5+ $1 Rxb5 41. Rxc3 Kd7 42. Rf3 Ke7 43. Rc3 $1 a5 44. Rc7+ Kf6 45. Rc6+ Kg7 46. Ra6 Rb2+ 47. Kf3 Ra2 48. Kg3 (48. Ra7 $1 $11) 48... h5 $1 $15 49. Ra8 Ra1 50. Kg2 a4 51. Ra5 f6 (51... Kf6 $1 $17 {...a3 is the strong threat.} 52. Ra6+ Kg7) 52. Kf3 a3 53. Ra6 (53. Ra4 $15 Kf7 54. Ke2) 53... Kf7 $1 $17 54. Ke3 Ke8 $1 55. Ke2 Ke7 $1 56. Kf3 Ra2 (56... Kd8 $17 {Threatens to win with ...Kc7.} 57. Rxf6 Kc7) 57. Ke3 $15 Ra1 (57... Kf7 $15 58. Ra7+ Ke8) 58. Ke2 ({White should try} 58. Kf3 $1 $11 a2 59. Ke2) 58... Kf7 (58... a2 $15 59. Kf3 Kd8 60. Ra8+ Kc7) 59. Kf3 (59. Ke3 $1 $11 a2 60. Ke2) 59... Ra2 60. Ke3 Ke7 61. Kf3 $1 {[%emt 0:02:37] [#]} Kd7 $1 62. Rxf6 {[%emt 0:00:37] [#]} Rb2 (62... Ra1 $1 $17 63. Ra6 Kc7) 63. Ra6 $11 Rb3+ 64. Kg2 $1 Kc7 65. f4 $1 exf4 66. e5 $1 Kb7 67. Ra4 Kc6 68. Ra6+ Kb5 69. Ra7 Kb6 70. Ra8 Kc5 71. Ra6 Kb5 72. Ra7 Kb6 73. Ra8 Kc6 74. Ra6+ Kd7 75. Kf2 Ke7 76. Kg2 $1 Re3 77. Kf2 Rg3 (77... Rxe5 78. Kf3) 78. Kf1 $1 Rc3 79. Kf2 Re3 80. Kg2 Kd7 ({Much worse is} 80... Rxe5 81. Rxa3 Kf7 82. Kf3 $11) 81. Kf2 Kc7 ({Don't play} 81... Rxe5 82. Rxa3 Rf5 83. Ra7+ Kc6 84. Kf3 $11) (81... Rb3 $17 82. Rd6+ Ke7) 82. e6 $11 Kd8 83. Ra7 Ke8 84. Kg2 Rxe6 85. Rxa3 Rg6+ 86. Kf2 Rg4 87. Ra5 $1 Rxh4 88. Kf3 Ke7 89. Rf5 Ke6 90. Rxf4 Rxf4+ 1/2-1/2

[Event "FIDE World Championship 2023"]
[Site "Astana"]
[Date "2023.04.30"]
[Round "15.1"]
[White "Ding, Liren"]
[Black "Nepomniachtchi, Ian"]
[Result "1/2-1/2"]
[ECO "D02"]
[WhiteElo "2788"]
[BlackElo "2795"]
[Annotator "TA"]
[PlyCount "69"]
[EventDate "2023.04.09"]
[EventType "match"]
[EventCountry "KAZ"]
[SourceTitle "playchess.com"]
[Source "ChessBase"]
[SourceQuality "1"]
[TimeControl "1500+10"]

1. d4 Nf6 2. Nf3 d5 3. c3 c5 4. dxc5 e6 5. Be3 Be7 6. g3 {[%emt 0:00:04] D02: 1 d4 d5 2 Nf3 sidelines, including 2...Nf6 3 g3 and 2...Nf6 3 Bf4.} Nc6 7. Bg2 O-O 8. b4 Ng4 9. Bd4 {[%emt 0:00:26] [#]} Qc7 $146 (9... b6 $5) ({Predecessor:} 9... b6 10. h3 Nf6 11. Nbd2 bxc5 12. bxc5 Qc7 13. O-O e5 14. Be3 Na5 15. Qa4 Bd7 {½-½ Dehaybe,A (1867)-Sorcinelli,A (2056) LSS RA-2010-0-00080}) 10. O-O e5 11. h3 exd4 12. hxg4 dxc3 13. Nxc3 Nxb4 (13... Bxg4 $2 14. Nxd5 (14. Qxd5 Nxb4 15. Qe4 Bxf3 $11) 14... Qd7 15. b5 $18) 14. a3 Bf6 (14... Qxc5 $2 15. Na4 (15. axb4 Qxc3 16. Qxd5 Rd8 $17) 15... Qd6 16. axb4 $18) 15. Rc1 (15. Nxd5 Nxd5 16. Qxd5 Bxa1 17. Rxa1 Bxg4 $17) 15... Bxc3 16. Rxc3 Nc6 17. Qxd5 Bxg4 18. Ng5 {[%emt 0:02:04][%cal Bf3g5,Bg5e4,Be4d6][%mdl 32] [#] Hoping for Qe4.} (18. Qe4 $5 h5 19. e3 $11 (19. Ng5 g6 $11)) 18... h6 19. Ne4 Rae8 20. e3 Re5 21. Qd2 Rd8 (21... Bh3 $11 {keeps the balance.} 22. Nf6+ gxf6 23. Bxh3 Rd8) 22. Nd6 $16 Rh5 23. Rb1 {[%emt 0:02:20] White is more active.} (23. Qc2 $16) 23... Ne5 $11 {[%emt 0:00:23] ( -> ...Nf3+)} 24. e4 {[%emt 0:00:08] Qd4 is the strong threat.} (24. Rxb7 $2 Nf3+ 25. Kf1 Nxd2+ $19) (24. Bxb7 Qxb7) 24... b6 $36 {[%emt 0:00:57][%mdl 2048] Black is pushing.} 25. cxb6 axb6 26. Nb5 (26. Rxc7 $2 Nf3+ 27. Kf1 (27. Bxf3 $2 Bxf3) 27... Nxd2+ 28. Kg1 Nxb1 $19) 26... Rxd2 27. Nxc7 {[%emt 0:00:01] The position is equal.} Bh3 28. Bxh3 Rxh3 29. Kg2 Rh5 30. Rb5 $1 Rd1 31. Nd5 {[%emt 0:00:16] aiming for Nf4.} (31. Rxb6 $2 {perishes.} Rdh1 32. g4 (32. Rb8+ $2 Kh7 $19) 32... R5h2+ 33. Kg3 Rh3+ 34. Kg2 R1h2+ 35. Kg1 Rxc3 $19) (31. f4 $5 Rd2+ $8 32. Kg1 $11) 31... Rdh1 $1 32. Ne7+ (32. Rxb6 $2 R5h2#) ({But not} 32. Rc8+ $2 Kh7 $19) 32... Kh7 33. Rxe5 $1 {[%emt 0:00:06][%mdl 64] [#] Deflection} R1h2+ 34. Kg1 Rh1+ 35. Kg2 {[%emt 0:00:01] Weighted Error Value: White=0.10 (very precise) /Black=0.09 (flawless)} 1/2-1/2

[Event "FIDE World Championship 2023"]
[Site "Astana"]
[Date "2023.04.30"]
[Round "15.2"]
[White "Nepomniachtchi, Ian"]
[Black "Ding, Liren"]
[Result "1/2-1/2"]
[ECO "C84"]
[WhiteElo "2795"]
[BlackElo "2788"]
[Annotator "TA"]
[PlyCount "94"]
[EventDate "2023.04.09"]
[EventType "match"]
[EventCountry "KAZ"]
[SourceTitle "playchess.com"]
[Source "ChessBase"]
[SourceQuality "1"]
[TimeControl "1500+10"]

1. e4 e5 2. Nf3 Nc6 3. Bb5 a6 4. Ba4 Nf6 5. O-O Be7 6. d3 b5 7. Bb3 d6 8. a4 (8. a3 O-O 9. Nc3 Na5 10. Ba2 Be6 11. b4 Nc6 12. Bg5 Bxa2 13. Rxa2 Qd7 14. Bxf6 Bxf6 15. Nd5 a5 16. Rb2 axb4 17. axb4 Bd8 18. c4 Nd4 19. Nxd4 exd4 {½-½ Nepomniachtchi,I (2773)-Ding,L (2799) Airthings Masters Prelim rapid 2022 (14)}) 8... Bd7 {[%emt 0:26:21] 8...Bd7 is better than 8...b4.} 9. h3 {[%emt 0:00:05] C84: Closed Ruy Lopez: Unusual White 6th moves.} O-O 10. Be3 Na5 11. Ba2 bxa4 12. Bd2 {[%emt 0:00:12] [#]} Nc6 $146 ({Predecessor:} 12... c5 13. Bxa5 Qxa5 14. Nc3 Qb6 15. Qd2 Bb5 16. Rfb1 Qb7 17. Qe2 g6 18. Bc4 Kg7 {½-½ Silin,V (2351)-Biedermann,T (2430) RCCA Emerald email 2013}) 13. Nc3 Rb8 14. Nxa4 Nd4 15. Bc4 c6 16. Nxd4 exd4 17. Bf4 ({But not} 17. Bxa6 d5 18. b4 (18. e5 Ne8 $15) 18... Bxb4 $11) 17... Be6 18. Re1 a5 19. Qf3 Rb7 20. e5 Nd5 {[%emt 0:00:00][%cal Bf6d5,Bd5f4,Bf4d3][%mdl 32] [#]} 21. exd6 (21. Bg3 $1 $16) 21... Bxd6 $14 22. Bxd6 Qxd6 23. Qe4 Nf4 24. Qe5 Qxe5 25. Rxe5 Bxc4 26. dxc4 Rb4 27. Rc5 (27. g3 $14 {feels stronger.} Ng6 28. Rc5 (28. Rxa5 Rxc4 29. Rc5 Rxc5 $14)) 27... d3 $11 {[%emt 0:00:00] The position is equal.} 28. cxd3 Nxd3 {[%emt 0:00:00] [#] Strongly threatening ...Rxa4.} 29. Rxc6 Ne5 30. Rc7 Nxc4 31. Nc5 {[%emt 0:00:31] And now Nd3 would win.} Nxb2 (31... Rxb2 $2 32. Nd7 Rb4 33. Nxf8 Kxf8 34. Rc1 $18) 32. Nd7 Re8 33. Rxa5 Nd3 34. Rg5 {[%emt 0:01:17] Black must now prevent Nf6+.} Rf4 {[%emt 0:00:00] Inhibits Nf6+.} 35. f3 h6 36. Rd5 Nb4 37. Rd6 Rf5 38. Rb7 Rd5 39. Rdb6 Rd8 40. Nf6+ gxf6 41. Rxb4 Rd4 42. Rxd4 Rxd4 {[%emt 0:00:01] KR-KR} 43. Kh2 Kg7 44. Rb2 Rd5 45. Ra2 Rd4 46. Rb2 Rd5 47. Ra2 Rd4 {[%emt 0:00:02] Weighted Error Value: White=0.08 (flawless) /Black=0.08 (flawless)} 1/2-1/2

[Event "FIDE World Championship 2023"]
[Site "Astana"]
[Date "2023.04.30"]
[Round "15.3"]
[White "Ding, Liren"]
[Black "Nepomniachtchi, Ian"]
[Result "1/2-1/2"]
[ECO "A14"]
[WhiteElo "2788"]
[BlackElo "2795"]
[Annotator "TA"]
[PlyCount "65"]
[EventDate "2023.04.09"]
[EventType "match"]
[EventCountry "KAZ"]
[SourceTitle "playchess.com"]
[Source "ChessBase"]
[SourceQuality "1"]
[TimeControl "1500+10"]

1. Nf3 d5 2. g3 Nf6 3. Bg2 e6 4. O-O Be7 5. c4 O-O 6. b3 c5 7. cxd5 Nxd5 8. Bb2 Nc6 9. d4 cxd4 10. Nxd4 Nxd4 11. Qxd4 Bf6 {[%emt 0:01:36] A14: English Opening: 1...e6 with b3 by White.} 12. Qd2 Nf4 13. gxf4 Qxd2 {[%emt 0:00:28][%mdl 64] [#] Remove Defender} 14. Nxd2 Bxb2 15. Rad1 Bf6 16. Nc4 Rb8 {[%emt 0:01:24] Black is weak on the light squares} 17. Ne5 Rd8 {[%emt 0:03:09] [#]} 18. Rxd8+ $146 ({Predecessor:} 18. e3 Kf8 19. Rxd8+ Bxd8 20. Rd1 Bf6 21. Rc1 Bxe5 22. fxe5 a5 23. Rc7 b6 24. Ra7 {½-½ Artemiev,V (2716)-Duda,J (2753) Pepe Cuenca Invitational 2020 (2.13)}) 18... Bxd8 19. Rd1 {[%emt 0:00:03][%cal Rd1d8] [#]} Be7 20. Nd7 Bxd7 21. Rxd7 $14 {[%emt 0:00:25][%mdl 4096] Endgame KRB-KRB} Kf8 22. Bxb7 Rd8 23. Rc7 a5 24. Rc4 Bb4 25. Rc2 Rd2 26. Rxd2 Bxd2 $11 {[%emt 0:00:01] KB-KB} 27. e3 Bb4 28. Kf1 Ke7 29. Ke2 Kd6 30. Kd3 Be1 31. Ke2 Bb4 32. Kd3 Be1 33. Ke2 {[%emt 0:00:01] Weighted Error Value: White=0.04 (flawless) /Black=0.02 (flawless)} 1/2-1/2